 Dungeon Crawl Stone Soup version 0.32-a0-791-gfc315c9ecd (webtiles) character file.

Game seed: 1532531130839251302

3122 Griffin23 the Carver (level 9, 0/82 HPs)
             Began as a Minotaur Fighter on Mar 20, 2024.
             Was an Initiate of Okawaru.
             Slain by a vampire mosquito (4 damage)
             ... on level 11 of the Dungeon.
             The game lasted 00:19:29 (9488 turns).

Griffin23 the Carver (Minotaur Fighter)             Turns: 9488, Time: 00:19:30

Health: 0/82       AC: 12    Str: 25    XL:     9   Next: 60%
Magic:  8/8        EV:  8    Int:  5    God:    Okawaru [......]
Gold:   565        SH:  0    Dex: 10    Spells: 8/8 levels left

rFire   . . .        C - +4 great sword (freeze)
rCold   . . .        (shield currently unavailable)
rNeg    . . .        D - +0 chain mail
rPois   .            (helmet restricted)
rElec   .            w - scarf {repulsion}
rCorr   .            j - +0 pair of gloves
SInv    .            (no boots)
Will    .....        (no amulet) Stlth
                     (no ring)
HPRegen 0.33/turn    (no ring)
MPRegen 0.11/turn

%: repel missiles
@: brilliant, attractive
A: horns 2, retaliatory headbutt, mutation resistance 1, inability to read after
injury 1
a: Renounce Religion


You were on level 11 of the Dungeon.
You worshipped Okawaru.
Okawaru was noncommittal.
You visited 2 branches of the dungeon, and saw 10 of its levels.
You also visited: Sewer, Ossuary and Bailey.

You collected 565 gold pieces.

Inventory:

Hand Weapons
 a - a +0 long sword
 C - a +4 great sword of freezing (weapon)
Missiles
 G - 17 boomerangs (quivered)
Armour
 b - a +0 scale mail
 c - a +1 buckler
 j - a +0 pair of gloves (worn)
 w - a scarf of repulsion (worn)
 D - a +0 chain mail (worn)
Jewellery
 f - a ring of ice
Wands
 k - a wand of polymorph (8)
 E - a wand of light (9)
Scrolls
 i - 2 scrolls of torment
 m - 2 scrolls of fog
 o - a scroll of vulnerability
 q - 2 scrolls of fear
 r - a scroll of enchant armour
 y - 3 scrolls of immolation
 A - a scroll of identify
Potions
 d - 3 potions of might
 e - 5 potions of haste
 g - a potion of magic
 h - 2 potions of cancellation {unknown}
 l - 5 potions of mutation
 n - 3 potions of enlightenment
 p - a potion of brilliance
 t - 4 potions of invisibility
 u - 5 potions of curing
 v - 3 potions of lignification
 x - a potion of degeneration {unknown}
 z - 2 potions of heal wounds {unknown}
 B - 2 potions of attraction
Miscellaneous
 H - a box of beasts


   Skills:
 + Level 8.4 Fighting
 * Level 11.0 Long Blades
 + Level 8.4 Armour
 - Level 6.6 Shields


You had 8 spell levels left.
You didn't know any spells.
Your spell library contained the following spells:

 Spells                   Type           Power      Damage    Failure   Level
 Sandblast                Erth           0%         2d4       93%         1
 Inner Flame              Hex/Fire       0%         N/A       100%        3
 Stone Arrow              Conj/Erth      0%         3d7       100%        3
 Brom's Barrelling Bould  Conj/Erth      0%         2d3       100%        4
 Flame Wave               Conj/Fire      0%         2d4       100%        4
 Manifold Assault         Tloc           0%         N/A       100%        4
 Sticky Flame             Fire/Alch      0%         2d4       100%        4
 Dispersal                Tloc           0%         N/A       100%        6
 Disjunction              Tloc           0%         N/A       100%        8


Dungeon Overview and Level Annotations

Branches:
Dungeon (11/15)            Temple (1/1) D:6             Orc (0/2) D:10
  Sewer (visited)         Ossuary (visited)          Bailey (visited)
   Lair: D:8-11

Altars:
Ashenzari
Cheibriados
Dithmenos
Elyvilon
Fedhas
Gozag
Hepliaklqana
Kikubaaqudgha
Makhleb
Nemelex Xobeh
Okawaru
Qazlal
Ru
Sif Muna
Trog
Uskayaw
Vehumet
Wu Jian
Xom
Yredelemnul
Zin
The Shining One


Innate Abilities, Weirdness & Mutations

You have a pair of horns on your head.
You reflexively headbutt those who attack you in melee.
You are somewhat resistant to further mutation.
You occasionally lose the ability to read scrolls when taking damage.


Message History

The vampire mosquito draws strength from your injuries!
The vampire mosquito bites you.
* * * LOW HITPOINT WARNING * * *
The vampire mosquito draws strength from your injuries!
Found 6 stones.
Okay, then.
It was a potion of mutation.
You feel extremely strange.
You occasionally lose the ability to read scrolls when taking damage.
You feel genetically stable. The vampire mosquito barely misses you.
The vampire mosquito bites you.
* * * LOW HITPOINT WARNING * * *
The vampire mosquito draws strength from your injuries!
The vampire mosquito closely misses you.
A komodo dragon comes into view.
Okay, then.
It was a potion of attraction.
You feel attractive to monsters.
The komodo dragon hisses angrily.
The vampire mosquito bites you.
* * * LOW HITPOINT WARNING * * *
The vampire mosquito draws strength from your injuries!
The vampire mosquito bites you.
* * * LOW HITPOINT WARNING * * *
The vampire mosquito draws strength from your injuries!
The vampire mosquito bites you but does no damage. x2
The komodo dragon is attracted toward you.
Okay, then.
It was a potion of brilliance.
You feel clever all of a sudden.
The vampire mosquito bites you but does no damage.
The vampire mosquito bites you.
* * * LOW HITPOINT WARNING * * *
The vampire mosquito draws strength from your injuries!
The vampire mosquito closely misses you.
You furiously retaliate!
You headbutt the vampire mosquito!
The vampire mosquito bites you but does no damage.
It was a potion of magic.
Magic courses through your body.
The vampire mosquito bites you but does no damage.
The vampire mosquito bites you.
You die...

### #.. #.#
#######.#####..#
.......y@......(
######y#####..#
######l##
#...§§§§#####
#.y.§§.§.C....
#...§§§§######
....####### ..$
.


You could see a komodo dragon and 2 vampire mosquitoes.

Vanquished Creatures
  Sigmund (D:2)
  A steam dragon (D:6)
  A water moccasin (D:5)
  An ice beast (D:4)
  2 black bears
  3 orc warriors (Bailey)
  4 ogres
  A centaur (D:7)
  A kobold brigand (D:6)
  Blork the orc (D:5)
  4 scorpions
  5 wights (D:4)
  An orc priest (D:7)
  2 hounds
  A bombardier beetle (D:5)
  7 jellies
  4 iguanas
  6 scorpion zombies (Ossuary)
  2 sleepcaps
  Terence (D:2)
  3 orc wizards (D:6)
  3 mummies (Ossuary)
  Robin (D:2)
  4 gnolls (Bailey)
  3 river rats (Sewer)
  11 adders
  2 ufetubi (D:7)
  3 adder zombies (Ossuary)
  3 ribbon worms (D:3)
  3 dart slugs
  12 orcs
  5 bats
  20 endoplasms
  16 giant cockroaches
  2 gnoll zombies (Ossuary)
  20 goblins
  11 hobgoblins
  A jackal (D:1)
  21 kobolds
  6 quokkas
  5 ball pythons
  6 frilled lizards
  3 jackal zombies (Ossuary)
  3 kobold zombies (Ossuary)
  2 rats
218 creatures vanquished.

Notes
Turn   | Place    | Note
-------+----------+-------------------------------------------
     0 | D:1      | Griffin23 the Minotaur Fighter began the quest for the Orb.
     0 | D:1      | Reached XP level 1. HP: 19/19 MP: 0/0
    82 | D:1      | Reached XP level 2. HP: 26/27 MP: 1/1
   324 | D:1      | Reached skill level 3 in Long Blades
   442 | D:1      | Reached XP level 3. HP: 21/33 MP: 2/2
  1080 | D:2      | Noticed Terence
  1084 | D:2      | Noticed Sigmund
  1085 | D:2      | Killed Terence
  1086 | D:2      | Reached XP level 4. HP: 40/40 MP: 3/3
  1100 | D:2      | Killed Sigmund
  1101 | D:2      | Reached skill level 4 in Long Blades
  1101 | D:2      | Reached XP level 5. HP: 32/47 MP: 4/4
  1199 | D:2      | Reached skill level 5 in Long Blades
  1239 | D:2      | Noticed Robin
  1267 | D:2      | Killed Robin
  1270 | D:2      | Reached XP level 6. HP: 39/55 MP: 5/5
  1910 | D:3      | Found a glowing drain.
  2041 | Sewer    | Entered a sewer
  2104 | Sewer    | Reached skill level 5 in Armour
  2212 | Sewer    | Reached skill level 5 in Shields
  2348 | Sewer    | Reached skill level 5 in Fighting
  2480 | Sewer    | HP: 4/84 [acid (4)]
  2907 | Sewer    | Found a viscous altar of Jiyva.
  2938 | Sewer    | Reached skill level 6 in Long Blades
  3394 | D:3      | Identified the +8 spear of Domination {protect, rElec Str+3
                  | Dex+2 SInv}
  3887 | D:4      | Reached XP level 7. HP: 61/61 MP: 6/6
  4294 | D:4      | Reached skill level 7 in Long Blades
  4416 | D:4      | Found a sand-covered staircase.
  4420 | Ossuary  | Entered an ossuary
  4594 | Ossuary  | Reached XP level 8. HP: 67/70 MP: 7/7
  5238 | D:4      | Reached skill level 8 in Long Blades
  5792 | D:5      | Entered Level 5 of the Dungeon
  6110 | D:5      | Reached skill level 9 in Long Blades
  6911 | D:6      | Reached XP level 9. HP: 78/79 MP: 8/8
  7024 | D:6      | Identified the +12 mace "Gupt" {flame, *Corrode rF+++ MP+9
                  | Dex+5}
  7045 | D:6      | Noticed Blork the orc
  7293 | D:5      | Killed Blork the orc
  7483 | D:6      | Reached skill level 10 in Long Blades
  7597 | D:6      | Found a staircase to the Ecumenical Temple.
  7632 | Temple   | Entered the Ecumenical Temple
  7709 | Temple   | Became a worshipper of Warmaster Okawaru
  8305 | D:7      | Found a flagged portal.
  8336 | Bailey   | Entered a bailey
  8345 | Bailey   | Noticed an orc warlord
  8478 | Bailey   | Reached skill level 11 in Long Blades
  8510 | Bailey   | Found a runed translucent gate.
  8511 | Bailey   | Found a runed translucent gate.
  8513 | Bailey   | Found a runed translucent gate.
  9127 | D:7      | You fall into a shaft and drop 3 floors!
  9127 | D:10     | Entered Level 10 of the Dungeon
  9159 | D:10     | Found a blossoming altar of Fedhas.
  9159 | D:10     | Found a radiant altar of Vehumet.
  9435 | D:10     | Found a white marble altar of Elyvilon.
  9437 | D:10     | Found a burning altar of Makhleb.
  9437 | D:10     | Found a glowing golden altar of the Shining One.
  9437 | D:10     | Noticed a kobold demonologist
  9438 | D:10     | Found a stormy altar of Qazlal.
  9476 | D:10     | Found a staircase to the Orcish Mines.
  9478 | D:11     | Noticed a cyclops
  9485 | D:11     | Gained mutation: You occasionally lose the ability to read
                  | scrolls when taking damage. [potion of mutation]
  9485 | D:11     | Gained mutation: You are somewhat resistant to further
                  | mutation. [potion of mutation]
  9486 | D:11     | Noticed a komodo dragon
  9487 | D:11     | HP: 3/82 [vampire mosquito (5)]
  9488 | D:11     | Slain by a vampire mosquito

Illustrated notes

Levels and vault maps discovered:
D:1:      scummos_arrival_hexagon, layout_rooms, serial_bayou,
          serial_bayou_pond_a, serial_bayou_lake_a, serial_bayou_pond_e,
          serial_bayou_pond_d, minmay_gold_behind_fungi,
          amcnicky_mini_rare_corridor_liquid, minmay_ruptured
D:2:      layout_basic, uniq_terence, uniq_sigmund, uniq_robin
D:3:      layout_basic, gup_sewer_entry_spiral, nicolae_wormholes
D:4:      layout_loops_corners, enter_ossuary_5
D:5:      layout_gridville, st_stairs_8
D:6:      layout_rooms, minmay_temple_entry_glassed_door, uniq_blork_the_orc
D:7:      layout_rooms, enter_bailey_5, serial_shops,
          nicolae_shop_real_fake_doors, minivault_23
D:10:     layout_rooms, grunt_temple_overflow_open, david_orc_2, serial_rivers,
          chequers_serial_rivers_marsh, chequers_serial_rivers_small_a,
          chequers_serial_rivers_room_a, chequers_serial_rivers_room_a,
          chequers_serial_rivers_micro_e, chequers_serial_rivers_room_b
D:11:     layout_basic, minmay_librarian, uniq_harold
Temple:   minmay_temple_bridge_d

Skill      XL: |  1  2  3  4  5  6  7  8  9 |
---------------+----------------------------+-----
Long Blades    | 3 4 5 6 7 9 11 | 11.0
Fighting       | 4 5 6 7 8 |  8.4
Armour         | 4 5 6 7 8 |  8.4
Shields        | 4 5 6 |  6.6

Action                     |  1- 3 |  4- 6 |  7- 9 || total
---------------------------+-------+-------+-------++-------
  Melee: Long sword        |   144 |   246 |   163 ||   553
         Headbutt          |    36 |    38 |    69 ||   143
         Great sword       |       |       |   134 ||   134
    Use: Potion            |       |     7 |     5 ||    12
         Scroll            |       |     6 |    12 ||    18
 Armour: Scale mail        |    74 |   160 |   122 ||   356
         Skin              |       |    19 |       ||    19
         Chain mail        |       |       |   217 ||   217
  Dodge: Dodged            |    35 |   102 |   185 ||   322
         Repelled          |       |       |    19 ||    19
  Block: Buckler           |    31 |    63 |    35 ||   129

Table legend: (Time is in decaauts)
 A = Elapsed time spent in this place.
 B = Non-inter-level travel time spent in this place.
 C = Inter-level travel time spent in this place.
 D = Time resting spent in this place.
 E = Time spent auto-exploring this place.
 F = Levels seen in this place.
 G = Mean time per level.
                   A        B        C        D        E       F      G
               +--------+--------+--------+--------+--------+-----+--------+
         Total |   9750 |   9215 |    535 |   1971 |   5404 |  13 |  750.0 |
       Dungeon |   7064 |   6681 |    383 |    995 |   4483 |   9 |  784.9 |
        Temple |    155 |      4 |    151 |      0 |      0 |   1 |  155.0 |
         Sewer |   1159 |   1159 |      0 |    384 |    520 |   1 | 1159.0 |
       Ossuary |    583 |    583 |      0 |    200 |    221 |   1 |  583.0 |
        Bailey |    787 |    787 |      0 |    392 |    179 |   1 |  787.0 |
               +--------+--------+--------+--------+--------+-----+--------+

Top non-repeatable levels by time:
     D:4: 1442 daAuts
     D:5: 1427 daAuts
   Sewer: 1159 daAuts
     D:3: 1022 daAuts
     D:1: 944 daAuts
     D:2: 921 daAuts
  Bailey: 787 daAuts
     D:6: 728 daAuts
 Ossuary: 583 daAuts
    D:10: 353 daAuts
     D:7: 214 daAuts
  Temple: 155 daAuts
    D:11: 9 daAuts
